 Dungeon Crawl Stone Soup version 0.29.1-15-g9cfb28693d (webtiles) character file.

Game seed: 1308089505547671563

588 LLlMATKO the Chopper (level 7, 0/62 HPs)
             Began as a Minotaur Berserker on Apr 2, 2023.
             Was a Priest of Trog.
             Slain by a black bear (1 damage)
             ... on level 5 of the Dungeon.
             The game lasted 00:04:00 (4710 turns).

LLlMATKO the Chopper (Minotaur Berserker)           Turns: 4710, Time: 00:04:01

Health: 0/62       AC:  9    Str: 24    XL:     7   Next: 15%
Magic:  6/6        EV:  7    Int:  4    God:    Trog [***...]
Gold:   261        SH:  6    Dex:  9    Spells: 6/6 levels left

rFire   . . .      SeeInvis .   a - +0 hand axe
rCold   . . .      Faith    .   t - +0 kite shield
rNeg    . . .      Spirit   .   s - +0 chain mail
rPois   .          Reflect  .   (helmet restricted)
rElec   .          Harm     .   (no cloak)
rCorr   .          Rampage  .   (no gloves)
Will    ++...                   (no boots)
Stlth   ..........              (no amulet)
HPRegen 1.20/turn               (no ring)
MPRegen 0.10/turn               (no ring)

@: strong-willed, on berserk cooldown, regenerating, slowed, very slow
A: horns 2, retaliatory headbutt
a: Renounce Religion, Berserk, Trog's Hand


You were on level 5 of the Dungeon.
You worshipped Trog.
Trog was most pleased with you.
You visited 1 branch of the dungeon, and saw 5 of its levels.

You collected 261 gold pieces.

Inventory:

Hand Weapons
 a - a +0 hand axe (weapon)
 z - a +1 morningstar of protection
Missiles
 u - 6 poisoned darts (quivered)
 w - 2 boomerangs
Armour
 s - a +0 chain mail (worn)
 t - a +0 kite shield (worn)
Jewellery
 h - a ring of ice
 p - a ring of flight
Wands
 C - a wand of roots (11)
Scrolls
 c - 2 scrolls of enchant armour {unknown}
 d - a scroll of torment {unknown}
 i - 3 scrolls of vulnerability {unknown}
 j - 2 scrolls of blinking {unknown}
 k - 2 scrolls of fear {unknown}
 l - 2 scrolls of amnesia {unknown}
 n - 3 scrolls of identify {unknown}
 o - 2 scrolls of butterflies {unknown}
 q - a scroll of silence {unknown}
 v - a scroll of acquirement {unknown}
 x - a scroll of poison {unknown}
 y - 2 scrolls of teleportation {unknown}
Potions
 b - 3 potions of heal wounds {unknown}
 e - 4 potions of brilliance {unknown}
 f - a potion of resistance {unknown}
 g - a potion of degeneration {unknown}
 m - 3 potions of curing {unknown}
 r - a potion of might {unknown}
 A - a potion of magic {unknown}
 B - a potion of ambrosia {unknown}
 D - a potion of flight {unknown}


   Skills:
 + Level 5.8 Fighting
 + Level 5.9 Axes
 + Level 5.1 Armour
 + Level 4.7 Dodging


You had 6 spell levels left.
You didn't know any spells.
Your spell library was empty.

Dungeon Overview and Level Annotations

Branches:
Dungeon (5/15)
 Temple: D:4-7

Altars:
Hepliaklqana
Trog


Innate Abilities, Weirdness & Mutations

You have a pair of horns on your head.
You reflexively headbutt those who attack you in melee.


Message History

Trog accepts your kill.
You barely miss the black bear.
You are no longer berserk.
You are exhausted.
You feel yourself slow down. The black bear bites you.
* * * LOW HITPOINT WARNING * * *
The black bear claws you.
* * * LOW HITPOINT WARNING * * *
The black bear claws you but does no damage.
You closely miss the black bear.
The black bear is moderately wounded.
You block the black bear's attack. x2; The black bear closely misses you.
You hit the black bear. Your headbutt misses the black bear.
The black bear is moderately wounded.
The black bear bites you but does no damage.
The black bear claws you.
* * * LOW HITPOINT WARNING * * *
The black bear claws you but does no damage.
The black bear bites you but does no damage.
The black bear claws you.
* * * LOW HITPOINT WARNING * * *
The black bear claws you.
* * * LOW HITPOINT WARNING * * *
Your skin crawls.
You feel strong-willed.
The jelly quivers.
The black bear barely misses you. The black bear closely misses you.
You block the black bear's attack. The black bear barely misses you.
The black bear claws you but does no damage. x2
Unknown command.
You hit the black bear.
The black bear is heavily wounded.
The black bear bites you.
* * * LOW HITPOINT WARNING * * *
The black bear claws you.
* * * LOW HITPOINT WARNING * * *
The black bear claws you.
* * * LOW HITPOINT WARNING * * *
The black bear barely misses you. The black bear claws you.
You die...

### # #..
. #.#.#
#.#.#
#>#.# #.#
#.h.####.
#.#
#@)......
#.#
#J#######
#.# #)#
#.#
##.####
#.#
#.....#
####.#
###.##.###
##.##.##
#........#
###......#
#.#....#.#
........##
#.###### #


You could see a black bear and a jelly.

Vanquished Creatures
  A scorpion (D:5)
  A gnoll bouda (D:5)
  A jelly (D:4)
  3 iguanas (D:4)
  Terence (D:3)
  An orc wizard (D:3)
  Natasha (thrice) (D:3)
  5 adders
  9 gnolls
  3 worms
  3 dart slugs
  7 orcs
  7 ball pythons
  6 endoplasms
  15 giant cockroaches
  4 goblins
  6 hobgoblins
  18 jackals
  4 kobolds
  4 quokkas
  10 bats
  5 rats
117 creatures vanquished.

Notes
Turn   | Place    | Note
-------+----------+-------------------------------------------
     0 | D:1      | LLlMATKO the Minotaur Berserker began the quest for the
                  | Orb.
     0 | D:1      | Reached XP level 1. HP: 19/19 MP: 0/0
   195 | D:1      | Reached XP level 2. HP: 26/27 MP: 1/1
  1028 | D:2      | Reached XP level 3. HP: 33/33 MP: 2/2
  1643 | D:2      | Reached ** piety under Trog
  2208 | D:3      | Noticed Terence
  2212 | D:3      | Reached XP level 4. HP: 41/41 MP: 3/3
  2217 | D:3      | Killed Terence
  2629 | D:4      | Reached XP level 5. HP: 45/47 MP: 4/4
  2849 | D:4      | Reached *** piety under Trog
  2887 | D:3      | Reached skill level 5 in Axes
  2965 | D:3      | Noticed Natasha
  2967 | D:3      | Killed Natasha
  2968 | D:3      | Reached skill level 5 in Fighting
  2974 | D:3      | Noticed Natasha
  2985 | D:3      | Killed Natasha
  2986 | D:3      | Reached XP level 6. HP: 42/56 MP: 5/5
  3139 | D:3      | Noticed Natasha
  3144 | D:3      | Killed Natasha
  3357 | D:3      | Found a bloodstained altar of Trog.
  3756 | D:3      | Found a hazy altar of Hepliaklqana.
  4461 | D:5      | Entered Level 5 of the Dungeon
  4696 | D:5      | Reached XP level 7. HP: 57/62 MP: 6/6
  4698 | D:5      | Reached skill level 5 in Armour
  4710 | D:5      | HP: 2/62 [black bear (4)]
  4710 | D:5      | Slain by a black bear

Illustrated notes

Levels and vault maps discovered:
D:1:      dpeg_arrival_arbitrary_c, layout_loops_ring, chequers_avenue,
          grunt_decor_arrowhead
D:2:      layout_basic, minivault_11
D:3:      minmay_roachtagon, layout_loops_cross, nzn_hepliaklqana_mist_gate,
          old_standard_altar, uniq_terence, uniq_natasha
D:4:      minmay_general_purpose_star, layout_basic, serial_corexii_hall,
          corexii_hall_statues_s, corexii_hall_statues_i
D:5:      layout_loops_corners, nicolae_yredelemnul_corpse_copse,
          minmay_temple_entry_antechambers, serial_co_window_serial,
          co_window_corner_a, co_window_corner_a, co_window_of_opportunity_a,
          co_window_paths_a, co_window_corner_a, co_window_2corner,
          co_window_unsneaky_path_c, co_window_of_opportunity_b,
          co_window_corner_b, co_window_2corner, co_window_of_opportunity_c,
          co_window_4corner_a, co_window_paths_d, glass_columns_c, uniq_grinder,
          uniq_duvessa

Skill      XL: |  1  2  3  4  5  6  7 |
---------------+----------------------+-----
Axes           | 4 5 |  5.9
Fighting       | 4 5 |  5.8
Armour         | 3 4 5 |  5.1
Dodging        | 3 4 |  4.7

Action                   |  1- 3 |  4- 6 |  7- 9 || total
-------------------------+-------+-------+-------++-------
Melee: Hand axe          |    90 |   184 |    10 ||   284
       Headbutt          |    12 |    29 |     2 ||    43
       Punch             |       |     1 |       ||     1
Invok: Berserk           |       |     2 |       ||     2
       Trog's Hand       |       |       |     1 ||     1
Armor: Animal skin       |    18 |     9 |       ||    27
       Chain mail        |       |    75 |    12 ||    87
Dodge: Dodged            |    53 |    96 |     6 ||   155
Block: Kite shield       |       |    33 |     8 ||    41
